Map: Neukirk TE (Void)

Players

Specter

  • Race: Terran Terran
  • League: Platinum
  • Spawn Location: 5:00

Twister - Winner!

  • Race: Terran Terran
  • League: Silver
  • Spawn Location: 7:00

VOD

Have the link to the VOD?

Description

Time

  • Played on: Feb. 20, 2017, 11:27 a.m.
  • Length: 7:57
Show
View Real Time Build Order
Export as new Build Order

Specter Terran 

Build Orders: Reaper Expand, MMM Bio 

Get SALT Encoding   

  12  0:00  SCV  
  13  0:13  SCV  
  14  0:19  Supply Depot  
  14  0:25  SCV  
  15  0:41  SCV  
  16  0:44  Barracks  
  16  0:45  Refinery  
  16  0:53  SCV  
  17  1:05  SCV  
  18  1:17  SCV  
  19  1:31  Orbital Command  
  19  1:32  Reaper  
  20  1:45  Command Center  
  20  1:57  SCV  
  21  2:04  Barracks  
  21  2:05  Barracks Reactor  
  21  2:09  SCV  
  22  2:18  Supply Depot  
  22  2:21  Refinery, SCV  
  23  2:29  Factory  
  23  2:55  Marine x3  
  25  3:07  SCV  
  26  3:13  Marine x2  
  26  3:14  Starport, Factory Tech Lab  
  26  3:16  Barracks Tech Lab  
  28  3:23  Orbital Command  
  28  3:29  SCV  
  28  3:31  Marine x2  
  31  3:34  Stimpack  
  31  3:35  Marine  
  32  3:41  SCV  
  33  3:49  Marine, SCV  
  33  3:53  SCV  
  33  3:54  Supply Depot  
  36  3:56  Siege Tank  
  36  4:00  Starport Reactor  
  36  4:01  SCV  
  40  4:06  Marine, SCV  
  40  4:09  Marine  
  43  4:11  Marine  
  43  4:13  SCV  
  45  4:18  SCV  
  46  4:24  Marine  
  46  4:26  SCV  
  46  4:27  Marine  
  46  4:29  Marine  
  46  4:30  SCV  
  51  4:37  Engineering Bay  
  51  4:38  SCV  
  52  4:41  Engineering Bay  
  52  4:42  Marine, SCV  
  52  4:43  Supply Depot  
  54  4:58  SCV, Medivac x2  
  54  4:59  Marine x2  
  61  5:00  Marine  
  61  5:05  Supply Depot, SCV  
  63  5:09  Terran Infantry Weapons Level 1  
  63  5:10  SCV  
  64  5:14  Terran Infantry Armor Level 1  
  64  5:17  SCV  
  64  5:20  Marine  
  66  5:21  Marine  
  66  5:22  SCV  
  68  5:28  Refinery  
  68  5:29  SCV  
  68  5:30  Refinery  
  68  5:34  SCV  
  70  5:38  Marine x2  
  70  5:39  Marine  
  70  5:40  Combat Shields  
  73  5:56  Marine x2  
  67  5:57  Marine  
  63  6:13  Marine  
  63  6:14  Marine  
  63  6:18  Marine  
  65  6:21  Medivac x2  
  65  6:22  Siege Tank  
  68  6:31  Marine  
  63  6:33  Marine  
  63  6:36  Marine  
  65  6:47  Barracks x2  
  65  6:49  Marine  
  65  6:51  Marine, Medivac, Command Center  
  65  6:53  Marine  
  70  6:54  Siege Tank  
  73  7:03  Medivac  
  73  7:07  Marine  
  76  7:09  Marine  
  76  7:11  Marine  
  78  7:18  Supply Depot  
  78  7:20  Supply Depot  
  78  7:22  Supply Depot  
  78  7:27  Marine  
  78  7:28  SCV  
  78  7:39  SCV  
  78  7:40  SCV  
Show
View Real Time Build Order
Export as new Build Order

Twister Terran - Winner!

Build Orders: MMM Bio 

Get SALT Encoding   

  12  0:02  SCV  
  13  0:15  SCV  
  13  0:20  Supply Depot  
  14  0:27  SCV  
  15  0:41  SCV  
  16  0:45  Barracks  
  16  0:48  Refinery  
  16  0:53  SCV  
  17  1:05  SCV  
  18  1:17  SCV  
  20  1:34  Orbital Command  
  20  1:35  Barracks Reactor  
  19  1:45  Command Center  
  19  1:54  Barracks  
  19  2:05  Supply Depot  
  19  2:08  SCV  
  20  2:11  Marine  
  20  2:14  Marine  
  22  2:20  SCV  
  23  2:28  Engineering Bay  
  23  2:32  SCV  
  23  2:33  Marine  
  23  2:34  Marine  
  25  2:45  Barracks Tech Lab  
  23  2:56  SCV  
  23  2:57  Marine x2  
  25  3:05  Orbital Command  
  25  3:08  SCV  
  26  3:18  Marine x3  
  29  3:20  SCV  
  30  3:29  Terran Infantry Weapons Level 1  
  30  3:32  SCV  
  31  3:36  Marine x2  
  31  3:40  Supply Depot  
  33  3:44  SCV  
  33  3:46  Marine, Supply Depot  
  35  3:50  Combat Shields  
  35  3:54  Marine x2  
  37  3:57  SCV  
  37  4:00  SCV  
  37  4:02  Barracks  
  39  4:09  SCV  
  40  4:12  Marine x3  
  40  4:13  SCV  
  44  4:21  SCV  
  45  4:25  Factory, SCV  
  45  4:29  Refinery, Marine  
  45  4:30  Marine  
  48  4:33  SCV  
  48  4:37  SCV  
  50  4:42  Marine  
  50  4:45  SCV  
  52  4:49  SCV  
  52  4:50  Supply Depot  
  52  4:51  Supply Depot  
  53  4:56  Barracks Reactor  
  53  4:57  Marine, SCV  
  53  4:58  Marine  
  56  5:00  Marine  
  56  5:01  SCV  
  58  5:09  Stimpack, SCV  
  58  5:13  SCV  
  60  5:14  Factory Tech Lab  
  60  5:15  Marine x2  
  60  5:20  Armory  
  62  5:21  SCV  
  62  5:25  SCV  
  62  5:26  Starport  
  64  5:29  Marine  
  64  5:33  Marine x2, SCV  
  68  5:37  Refinery, SCV  
  69  5:45  SCV  
  69  5:47  Marine x2  
  69  5:48  Marine  
  69  5:49  SCV  
  72  5:53  Siege Tank, Command Center  
  72  5:56  Marine x2  
  69  5:58  SCV  
  69  6:01  SCV  
  71  6:10  Marine x3  
  68  6:14  Marine x2  
  68  6:15  Bunker  
  36  6:39  Marine x2  
  35  6:40  Marine  
  35  6:42  Viking  
  36  6:47  Marine  
  36  6:50  Marine  
  36  6:54  Barracks  
  36  6:58  Marine  
  37  7:01  Barracks  
  37  7:05  Marine  
  37  7:08  Marine  
  39  7:12  Viking  
  40  7:16  Marine  
  35  7:23  Marine  
  35  7:25  Marine  
  36  7:33  Marine  
Tags
 
Add a new tag
Caveats
  • Supply blocks, unpowered buildings, or Contaminate may cause inaccurate times.
  • Supply counts are checked every 10 seconds.